Map: Новое противостояние РВ

Players

Murena - Winner!

  • Race: Terran Terran
  • Spawn Location: 7:00

ИИ 1 (эксперт)

  • Race: Zerg Zerg
  • Spawn Location: 1:00

VOD

Have the link to the VOD?

Description

Time

  • Played on: Feb. 9, 2019, 12:32 p.m.
  • Length: 11:32
Show
View Real Time Build Order
Export as new Build Order

Murena Terran - Winner!

Build Orders:  

Get SALT Encoding   

  12  0:00  SCV  
  13  0:15  Supply Depot  
  13  0:18  SCV  
  14  0:25  Refinery  
  14  0:30  SCV  
  15  0:43  Barracks  
  15  0:47  SCV  
  16  0:59  SCV  
  16  1:02  Refinery  
  17  1:11  SCV  
  18  1:19  Supply Depot  
  18  1:29  SCV  
  18  1:32  Factory  
  19  1:37  Marine  
  20  1:42  SCV  
  21  1:55  SCV, Marine  
  23  2:06  Factory  
  23  2:08  SCV  
  23  2:13  Marine  
  25  2:16  Factory Tech Lab  
  25  2:21  SCV  
  26  2:32  Barracks Reactor  
  26  2:33  SCV  
  27  2:41  Supply Depot  
  27  2:46  Siege Tank  
  27  2:50  Factory Tech Lab  
  30  2:53  SCV  
  31  3:07  Armory  
  31  3:08  Marine  
  31  3:09  Marine  
  33  3:17  Siege Tank  
  36  3:24  Supply Depot  
  36  3:28  Reaper  
  36  3:30  Marine  
  38  3:35  SCV  
  39  3:44  Engineering Bay  
  39  3:52  Orbital Command  
  39  3:58  Terran Vehicle Weapons Level 1  
  39  4:08  Siege Tank  
  42  4:19  SCV  
  42  4:23  Siege Tank  
  46  4:27  Supply Depot  
  46  4:32  Missile Turret  
  46  4:33  SCV  
  47  4:41  Terran Infantry Armor Level 1  
  47  4:57  Reaper, Marine  
  49  5:02  Command Center  
  49  5:08  Hellion  
  49  5:10  SCV  
  52  5:20  Marine  
  52  5:21  Barracks  
  53  5:27  Supply Depot, SCV  
  54  5:35  Reaper  
  55  5:43  Supply Depot  
  55  5:49  Thor  
  61  5:54  Terran Vehicle And Ship Armor Level 1  
  61  5:57  Marine  
  61  5:58  SCV  
  63  6:05  Hellion  
  63  6:07  Marine  
  63  6:09  Barracks Tech Lab  
  66  6:12  Supply Depot  
  66  6:18  SCV  
  67  6:21  SCV  
  68  6:27  Siege Tank  
  71  6:33  SCV  
  71  6:39  Combat Shield  
  72  6:41  Marine x2  
  72  6:46  Marauder  
  76  6:48  SCV x2  
  76  6:52  Hellion  
  80  6:58  Refinery  
  80  7:01  Orbital Command, Refinery  
  80  7:02  SCV  
  80  7:06  Marine x2  
  83  7:09  Siege Tank  
  83  7:13  Marauder  
  83  7:15  SCV  
  89  7:19  Supply Depot  
  89  7:23  Bunker  
  89  7:26  Missile Turret  
  89  7:30  Marine x2  
  89  7:34  Siege Tank  
  94  7:43  Terran Infantry Weapons Level 1  
Show
View Real Time Build Order
Export as new Build Order

ИИ 1 (эксперт) Zerg 

Build Orders: Pool First 

Get SALT Encoding   

  12  0:00  Drone  
  13  0:12  Overlord  
  13  0:16  Drone  
  14  0:30  Drone  
  14  0:31  Drone  
  16  0:44  Spawning Pool  
  16  0:45  Drone  
  16  0:50  Drone  
  17  1:13  Hatchery  
  17  1:15  Drone  
  17  1:18  Extractor  
  17  1:21  Drone  
  17  1:23  Extractor  
  16  1:27  Drone  
  16  1:31  Drone  
  18  1:38  Drone  
  19  1:49  Overlord  
  19  1:58  Queen  
  21  2:03  Zergling x2  
  22  2:10  Drone  
  23  2:24  Queen  
  23  2:29  Drone  
  27  2:37  Drone  
  27  2:40  Drone  
  27  2:44  Drone  
  29  2:57  Roach Warren  
  28  3:00  Drone  
  28  3:02  Drone  
  30  3:06  Zergling x2  
  30  3:10  Zergling x2  
  32  3:15  Overlord  
  32  3:18  Drone  
  33  3:21  Drone  
  34  3:37  Roach  
  34  3:38  Roach x2  
  34  3:40  Roach  
  42  3:45  Lair  
  42  3:50  Overlord  
  42  3:55  Overlord  
  42  3:59  Zergling x2  
  42  4:01  Zergling x2  
  44  4:08  Drone x2, Zergling x2  
  47  4:12  Drone  
  47  4:14  Drone  
  49  4:17  Drone  
  49  4:20  Roach  
  52  4:24  Roach  
  52  4:29  Overlord  
  54  4:37  Drone  
  55  4:39  Drone  
  55  4:40  Drone  
  55  4:43  Drone  
  58  4:45  Infestation Pit  
  58  4:46  Drone  
  58  4:49  Overlord  
  58  4:53  Overlord  
  58  4:56  Roach  
  58  4:59  Roach  
  62  5:05  Hydralisk Den  
  61  5:09  Drone  
  61  5:11  Drone  
  61  5:13  Drone  
  64  5:14  Drone  
  64  5:16  Drone  
  64  5:18  Drone  
  64  5:20  Drone  
  68  5:22  Drone  
  68  5:23  Drone  
  68  5:25  Drone  
  68  5:27  Drone  
  72  5:29  Drone  
  72  5:32  Overlord  
  72  5:34  Drone  
  74  5:37  Infestor, Hydralisk  
  74  5:40  Hydralisk  
  80  5:43  Roach  
  80  5:45  Roach  
  84  5:51  Infestor, Overlord  
  84  5:54  Metabolic Boost  
  86  5:59  Evolution Chamber  
  85  6:10  Evolution Chamber  
  85  6:11  Drone  
  85  6:16  Evolution Chamber  
  85  6:17  Drone  
  85  6:18  Extractor  
  85  6:19  Drone  
  85  6:23  Extractor  
  85  6:24  Hatchery  
  83  6:26  Drone, Zerg Melee Weapons Level 1  
  83  6:28  Drone, Ravager  
  83  6:31  Roach  
  88  6:35  Zerg Missile Weapons Level 1  
  88  6:41  Drone x2, Zerg Ground Armor Level 1, Overlord  
  88  6:42  Ravager  
  88  6:45  Drone  
  88  6:46  Roach, Drone x2  
  96  6:51  Hydralisk  
  98  6:55  Hydralisk  
  98  6:59  Overlord  
  100  7:15  Spine Crawler, Overseer, Infestor  
  101  7:28  Infestor, Overlord  
  103  7:30  Spine Crawler, Drone  
  103  7:31  Roach  
  103  7:33  Roach  
  103  7:36  Roach, Drone x2  
  103  7:37  Drone x4  
  112  7:42  Drone  
  116  7:45  Drone x2  
  116  7:46  Drone x2  
  116  7:49  Extractor, Overlord  
  116  7:50  Drone x2, Pathogen Glands  
  116  7:51  Drone  
  122  7:53  Drone  
  122  7:57  Drone  
  124  8:00  Drone  
  124  8:04  Drone  
  126  8:08  Overlord  
  126  8:10  Drone  
  126  8:11  Baneling Nest  
  121  8:15  Zergling x2  
  121  8:16  Zergling x2  
  121  8:17  Zergling x4  
  121  8:18  Zergling x2  
  101  8:22  Zergling x8  
  101  8:24  Zerg Melee Weapons Level 2  
  101  8:26  Zergling x2  
  95  8:29  Hydralisk  
  95  8:32  Hydralisk  
  88  8:37  Drone, Extractor  
  88  8:39  Infestor  
  88  8:43  Zergling x2  
  88  8:48  Zergling x2  
  80  8:49  Roach, Zergling x4  
  80  8:51  Roach  
  80  8:54  Roach, Drone, Zergling x2  
  80  8:55  Spore Crawler, Zergling x2  
  89  8:57  Spore Crawler  
  89  8:59  Spore Crawler  
  89  9:00  Roach  
  89  9:01  Roach  
  81  9:06  Roach  
  76  9:11  Hydralisk, Baneling  
  76  9:16  Roach  
  77  9:19  Ravager  
  77  9:20  Roach  
  72  9:24  Roach  
  72  9:28  Roach  
  72  9:29  Roach  
  54  9:35  Roach  
  35  9:41  Zergling x2  
  29  9:47  Zergling x2  
  29  9:52  Drone x2  
  31  9:53  Roach, Drone  
  14  10:42  Hatchery  
Tags
 
Add a new tag
Caveats
  • Supply blocks, unpowered buildings, or Contaminate may cause inaccurate times.
  • Supply counts are checked every 10 seconds.